Cogmind - Beta 16 @@@ ROGUE MODE // 2025.11.16 @ 12:08:14 Player: Boom Result: Destroyed by P-60 Hacker with Shock Rifle Performance ------------- Evolutions (3) 1500 Regions Visited (5) 1000 Robots Destroyed (79) 395 Value Destroyed (2209) 2209 Prototype IDs (0) 0 Alien Tech Used (0) 0 Bonus (219) 219 TOTAL SCORE: 5323 Bonus ------- High Alert Combat Kills 44 Follower Combat Kills 175 Cogmind --------- Core Integrity 0/700 Matter 272/300 Energy 98/100 System Corruption 9% Temperature Cool (0) Movement Core (50) Location -7/Factory Parts ------- > --- POWER (2) -------- (None) > --- PROPULSION (3) --- (None) > --- UTILITY (5) ------ Machine Analyzer > --- WEAPON (3) ------- (None) > --- INVENTORY (5) ---- Improved Deuterium Engine Medium Storage Unit Peak State ------------ > --- POWER ------------ Nuclear Core Light Nuclear Core > --- PROPULSION ------- Medium Treads Medium Treads Aluminum Leg > --- UTILITY ---------- Heat Sink Improved Heat Sink Medium Storage Unit Machine Analyzer Shock Absorption System > --- WEAPON ----------- Gauss Rifle Flak Cannon Flak Cannon > --- INVENTORY -------- Improved Ion Engine Aluminum Leg Aluminum Leg Carbon-fiber Leg Beam Rifle Flak Cannon [Rating: 38] Favorites ----------- Power Ion Engine Engine Ion Engine Power Core Nuclear Core Propulsion Aluminum Leg Treads Medium Treads Leg Aluminum Leg Wheel Wheel Utility Improved Heat Sink Device Improved Heat Sink Storage Small Storage Unit Processor Advanced Targeting Computer Protection Improved Light Armor Plating Weapon Gauss Rifle Energy Gun Beam Rifle Ballistic Gun Gauss Rifle Ballistic Cannon Flak Cannon Launcher Rocket Launcher Build | -11 -10 -9 -8 -8 -7 ------- Run | Yrd Mat Mat Mat Sto Fac Slots Evolved 6 | . . 2 2 . 2 Power 1 | . . . . . 1 Propulsion 1 | . . 1 . . . Utility 3 | . . 1 1 . 1 Weapon 1 | . . . 1 . . Parts Attached 55 | 6 2 10 14 12 11 Power 8 | 1 . . 2 2 3 Engine 5 | 1 . . 1 1 2 Core 3 | . . . 1 1 1 Reactor . | . . . . . . Propulsion 19 | 2 . 4 4 3 6 Treads 2 | . . . . . 2 Leg 13 | 2 . 3 4 3 1 Wheel 4 | . . 1 . . 3 Hover . | . . . . . . Flight . | . . . . . . Utility 13 | 1 1 3 5 2 1 Device 4 | . 1 1 2 . . Storage 2 | 1 . . . 1 . Processor 3 | . . . 2 . 1 Hackware . | . . . . . . Protection 4 | . . 2 1 1 . Artifact . | . . . . . . Weapon 15 | 2 1 3 3 5 1 Energy Gun 5 | 1 . 2 . 1 1 Energy Cannon . | . . . . . . Ballistic Gun 5 | 1 1 1 2 . . Ballistic Cannon 4 | . . . . 4 . Launcher 1 | . . . 1 . . Special Weapon . | . . . . . . Impact Weapon . | . . . . . . Slashing Weapon . | . . . . . . Piercing Weapon . | . . . . . . Special Melee Weapon . | . . . . . . Unidentified Prototypes . | . . . . . . Parts Lost 38 | . . 1 7 11 19 Power 4 | . . . 1 . 3 Propulsion 15 | . . 1 2 4 8 Utility 8 | . . . 2 3 3 Weapon 11 | . . . 2 4 5 Highest Loss Streak 11 | . . 1 3 9 11 To Critical Strikes . | . . . . . . Average Backups 6 | 2 4 7 7 8 4 Power 1 | . 1 2 1 . . Propulsion 1 | 1 2 1 1 1 1 Utility 1 | . . 1 2 3 1 Weapon 2 | . 1 2 2 3 1 Tool/Special . | . . . . . . Unused Backups 2 | . . 1 1 . . Power 1 | . . . 1 . . Propulsion 1 | . . 1 . . . Utility . | . . . . . . Weapon . | . . . . . . Tool/Special . | . . . . . . Average Slot Usage (%) 86 | . 90 91 96 95 51 Engine 5 | . 14 11 5 3 . Core 3 | . . . 3 5 5 Leg 22 | . 27 22 26 25 11 Device 11 | . 7 12 11 10 12 Storage 8 | . 14 11 9 9 3 Processor 5 | . . . 8 8 3 Protection 5 | . . 9 5 7 . Energy Gun 4 | . 11 11 3 2 . Ballistic Gun 12 | . 15 11 16 15 . Ballistic Cannon 4 | . . . . 7 7 Launcher 1 | . . . 5 . . Peak Build Rating 38 | 6 7 14 29 33 38 Average Rating 21 | 3 6 11 24 29 16 On Entrance 12 | . 6 7 14 29 18 Avg Prop Armor Cover (%) 7 | . . 3 . . 10 Naked Turns . | . . . . . . Heaviest Build 43 | 13 14 20 26 35 43 Greatest Support 56 | 20 20 30 40 40 56 Greatest Overweight (x) 3 | . . 1 1 3 3 Average Overweight (x) . | . . . . . . Largest Inventory Capacity 10 | 8 8 8 8 10 10 Average Capacity 8 | 7 8 8 8 9 7 Most Carried 10 | 5 7 8 8 10 9 Average Carried 6 | 2 4 7 7 8 4 Final Capacity 10 | 8 8 8 8 10 5 Final Carried 8 | 4 5 8 6 6 2 Class Distribution -------------------- 44% | Scavenger-Gunner 29% | Mutant 20% | Scavenger-Mutant 4% | Commander-Gunner Dominant Class ---------------- Mutant | -10/Materials Mutant | -9/Materials Scavenger-Gunner | -8/Materials Scavenger-Gunner | -8/Storage Scavenger-Mutant | -7/Factory Resources | -11 -10 -9 -8 -8 -7 ----------- Run | Yrd Mat Mat Mat Sto Fac Matter Collected 1706 | 147 111 283 501 518 146 Remotely . | . . . . . . Salvage Created 2607 | . 111 582 873 916 125 Parts 182 | . 6 45 62 62 7 Haulers Intercepted 8 | . . 1 2 5 . Recyclers Shooed . | . . . . . . Parts Field Recycled . | . . . . . . Retrieved Matter . | . . . . . . Parts Self-Destructed . | . . . . . . Prevented . | . . . . . . Parts Restored . | . . . . . . Kills | -11 -10 -9 -8 -8 -7 ------- Run | Yrd Mat Mat Mat Sto Fac Combat Hostiles Destroyed 53 | . 3 11 20 16 3 Guns 38 | . 3 11 10 11 3 Cannons 3 | . . . . 3 . AOE 12 | . . . 10 2 . Classes Destroyed 11 | . 1 7 1 2 . Worker 5 | . . 1 2 . 2 Builder 5 | . . 1 1 3 . Hauler 8 | . . 1 2 5 . Mechanic 3 | . . 1 1 1 . Watcher 3 | . . 1 2 . . Swarmer 14 | . . 3 6 2 3 Grunt 23 | . 3 4 10 6 . Brawler 1 | . . . . 1 . Sentry 12 | . . 4 2 6 . Demolisher 3 | . . . . 3 . Hunter 2 | . . . 2 . . Best Kill Streak 12 | . 2 6 12 6 2 Combat Bots Only 8 | . 2 3 8 5 2 Max Kills in Single Turn 6 | . 1 2 4 6 1 Gunslinging . | . . . . . . Exploded 3 | . . . 3 2 . Melee . | . . . . . . Uniques/NPCs Destroyed . | . . . . . . Combat | -11 -10 -9 -8 -8 -7 -------- Run | Yrd Mat Mat Mat Sto Fac Hostile Shots Fired 442 | . 10 60 98 72 202 Missed 152 | . 1 18 31 23 79 Hits 290 | . 9 42 67 49 123 Melee 11 | . . . . . 11 Projectile 279 | . 9 42 67 49 112 AOE 16 | . . . . 16 . Critical Strikes 12 | . . 1 3 3 5 Part Disruptions 1 | . . . . . 1 Damage Taken 4660 | . 98 533 917 1145 1967 Core 1063 | . 22 85 56 190 710 Absorbed by Shields . | . . . . . . Core Remaining (%) 81 | 100 91 78 . 55 . Volleys Fired 156 | . 8 39 41 43 25 Largest 3 | . 2 2 3 3 2 Hottest 132 | . 60 79 132 121 74 Shots Fired 321 | . 16 72 100 106 27 Gun 295 | . 16 72 95 92 20 Cannon 21 | . . . . 14 7 Launcher 5 | . . . 5 . . Special . | . . . . . . Kinetic 220 | . 12 39 72 90 7 Thermal 96 | . 4 33 23 16 20 Explosive 5 | . . . 5 . . Electromagnetic . | . . . . . . Robot Hit Streak 14 | . 3 9 14 9 7 Robot Miss Streak 5 | . 2 5 4 4 5 Penetration Max 1 | . . . 1 1 . Secondary Targets . | . . . . . . Shots Hit Robots 197 | . 10 42 61 63 21 Core Hits 135 | . 6 21 45 50 13 Critical Kills . | . . . . . . Critical Parts Destroyed 3 | . 1 1 1 . . Critical Strikes 9 | . 1 2 4 2 . Burn 6 | . . 1 3 2 . Destroy 3 | . 1 1 1 . . Melee Attacks . | . . . . . . Impact . | . . . . . . Slashing . | . . . . . . Piercing . | . . . . . . Sneak Attacks . | . . . . . . Combat Hostiles . | . . . . . . Follow-up Attacks . | . . . . . . Damage Inflicted 5039 | . 116 712 1994 1847 370 Guns 3376 | . 116 712 1163 1156 229 Cannons 345 | . . . . 228 117 Explosions 1294 | . . . 831 463 . Melee . | . . . . . . Ramming 24 | . . . . . 24 Kinetic 2760 | . 81 442 927 1193 117 Thermal 961 | . 35 270 236 191 229 Explosive 1294 | . . . 831 463 . Electromagnetic . | . . . . . . Impact . | . . . . . . Slashing . | . . . . . . Piercing . | . . . . . . Highest Corruption 9 | . . . . . 9 Average Corruption 8 | . . . . . 8 Corruption Purged . | . . . . . . Corruption Blocked . | . . . . . . Effects 12 | . . . . . 12 Message Errors 4 | . . . . . 4 Matter Fused 4 | . . . . . 4 Energy Discharges 1 | . . . . . 1 Parts Fused 1 | . . . . . 1 Data Loss (major) 2 | . . . . . 2 Overload Shots . | . . . . . . Overflow Damage 48 | . . . 31 17 . Projectiles . | . . . . . . Explosions 48 | . . . 31 17 . Melee . | . . . . . . Knockbacks 7 | . . . . 6 1 Impact . | . . . . . . Kinetic 6 | . . . . 5 1 Secondary 1 | . . . . 1 . Self-Inflicted Damage 29 | . . . 19 . 10 Shots 1 | . . . 1 . . Rammed 2 | . . . . . 2 Targets Rammed 3 | . . . . . 3 Kicked 1 | . . . . . 1 Crushed . | . . . . . . Highest Temperature 62 | . 6 44 62 21 32 Average Temperature 16 | . 6 20 19 9 14 Received Heat Transfer 900 | . 54 204 297 162 183 Siege Activations . | . . . . . . Martial Activations . | . . . . . . Shielding Activations . | . . . . . . Robots Disrupted . | . . . . . . Combat Hostiles . | . . . . . . Robots Corrupted . | . . . . . . Combat Hostiles . | . . . . . . Parts Fried . | . . . . . . Impact Corruptions . | . . . . . . Robots Melted . | . . . . . . Combat Hostiles . | . . . . . . Parts Melted 7 | . . 1 3 3 . Heat Transferred 2778 | . 75 742 814 629 518 Parts Sabotaged . | . . . . . . Parts Stolen . | . . . . . . Parts Stripped . | . . . . . . Power Chain Reactions . | . . . . . . Alert | -11 -10 -9 -8 -8 -7 ------- Run | Yrd Mat Mat Mat Sto Fac Maximum Alert Level 2 | . . . 2 2 . Low Security (%) 71 | 100 100 100 59 42 100 Level 1 22 | . . . 33 42 . Level 2 6 | . . . 6 14 . Level 3 . | . . . . . . Level 4 . | . . . . . . Level 5 . | . . . . . . High Security . | . . . . . . Max Security . | . . . . . . Peak Influence 504 | . 55 161 447 504 180 Initial 182 | . . 10 61 182 160 Average 152 | . 24 63 144 264 95 Influence Increases 2242 | . 85 339 647 891 280 Destroy 0b10 Robot/C 1160 | . 60 220 400 420 60 Destroy 0b10 Robot/NC 125 | . . 25 40 50 10 Destroy Leader 294 | . 10 64 88 122 10 Allied During Kill 124 | . . . . 124 . Successful Hack 9 | . . . . 4 5 Disable Machine 180 | . . 15 45 120 . Destroy Structure 50 | . . . 44 6 . Partial Spotted 15 | . . . . . 15 Lose Combat Pursuer 285 | . 15 15 30 45 180 Influence Decreases 2161 | . 60 219 361 969 552 Entered New Map 541 | . . 15 84 249 193 Time Decay 1095 | . 60 194 207 410 224 Lost Part 325 | . . 10 70 110 135 Lost Ally 200 | . . . . 200 . Squads Dispatched 11 | . 2 1 1 5 2 Investigation . | . . . . . . Extermination 2 | . . . . . 2 Reinforcement 5 | . 2 1 1 1 . Assault 2 | . . . . 2 . Garrison 2 | . . . . 2 . Intercept . | . . . . . . Searches Triggered . | . . . . . . Construction Impeded . | . . . . . . Haulers Reinforced . | . . . . . . Active Scanning Responses . | . . . . . . Cargo Convoy Interrupts . | . . . . . . Stealth | -11 -10 -9 -8 -8 -7 --------- Run | Yrd Mat Mat Mat Sto Fac Distress Signals 8 | . . 3 . 4 1 Communications Jammed . | . . . . . . Distress Signals . | . . . . . . Times Spotted 105 | . 6 15 28 39 17 Peak Tracking Total 11 | . 2 4 7 10 11 Tactical Retreats 11 | . 1 1 2 2 5 Traps | -11 -10 -9 -8 -8 -7 ------- Run | Yrd Mat Mat Mat Sto Fac Traps Triggered 3 | . 1 . . 1 1 Indirectly . | . . . . . . Trap Hack Attempts . | . . . . . . Triggered . | . . . . . . Disarmed . | . . . . . . Reprogrammed . | . . . . . . Reused . | . . . . . . Traps Extracted . | . . . . . . Installed . | . . . . . . Triggered . | . . . . . . Machines | -11 -10 -9 -8 -8 -7 ---------- Run | Yrd Mat Mat Mat Sto Fac Machines Disabled 12 | . . 1 3 8 . Max in Single Turn 2 | . . 1 1 2 . Machines Repaired . | . . . . . . Machines Dismantled . | . . . . . . Machines Sabotaged . | . . . . . . Overloaded Fab Kills . | . . . . . . Hacking | -11 -10 -9 -8 -8 -7 --------- Run | Yrd Mat Mat Mat Sto Fac Machines Accessed 4 | . . . . 3 1 Terminals 3 | . . . . 3 . Fabricators 1 | . . . . . 1 Repair Stations . | . . . . . . Recycling Units . | . . . . . . Scanalyzers . | . . . . . . Garrison Access . | . . . . . . Total Hacks 6 | . . . . 4 2 Successful 3 | . . . . 2 1 Failed 3 | . . . . 2 1 Catastrophic . | . . . . . . Database Lockouts . | . . . . . . Manual . | . . . . . . Terminals 4 | . . . . 4 . Fabricators 2 | . . . . . 2 Repair Stations . | . . . . . . Recycling Units . | . . . . . . Scanalyzers . | . . . . . . Garrison Access . | . . . . . . Terminal Hacks 2 | . . . . 2 . Emergency Access Points 1 | . . . . 1 . Dispatch Records 1 | . . . . 1 . Fabricator Hacks 1 | . . . . . 1 Build 1 | . . . . . 1 Repair Station Hacks . | . . . . . . Recycling Unit Hacks . | . . . . . . Scanalyzer . | . . . . . . Garrison Access Hacks . | . . . . . . Unauthorized Hacks . | . . . . . . Terminals . | . . . . . . Fabricators . | . . . . . . Repair Stations . | . . . . . . Recycling Units . | . . . . . . Scanalyzers . | . . . . . . Garrison Access . | . . . . . . Data Cores Recovered . | . . . . . . Used . | . . . . . . Hacking Detections 3 | . . . . 3 . Full Trace Events . | . . . . . . Feedback Events . | . . . . . . Feedback Blocked . | . . . . . . Robot Schematics Acquired . | . . . . . . Robots Built . | . . . . . . Authchips . | . . . . . . Time . | . . . . . . Total Robot Build Rating . | . . . . . . Part Schematics Acquired . | . . . . . . Parts Built . | . . . . . . Authchips . | . . . . . . Time 117 | . . . . . 117 Total Part Build Rating . | . . . . . . Part Studies Acquired . | . . . . . . Parts Repaired . | . . . . . . Time . | . . . . . . Parts Recycled . | . . . . . . Recycled Matter . | . . . . . . Retrieved Matter . | . . . . . . Retrieved Components . | . . . . . . Parts Scanalyzed . | . . . . . . Part Schematics Acquired . | . . . . . . Parts Damaged . | . . . . . . Bothacking | -11 -10 -9 -8 -8 -7 ------------ Run | Yrd Mat Mat Mat Sto Fac Used RIF Installer . | . . . . . . Robots Hacked . | . . . . . . Non-combat . | . . . . . . Combat . | . . . . . . Robot Hacks Applied . | . . . . . . Relay Couplers Released . | . . . . . . Fabnet Peak Effective % . | . . . . . . Robots Rewired . | . . . . . . Allies Hacked . | . . . . . . Hacks Repelled . | . . . . . . Allies | -11 -10 -9 -8 -8 -7 -------- Run | Yrd Mat Mat Mat Sto Fac Total Allies 12 | . . . . 12 . Largest Group 10 | . . . . 10 . Highest-Rated Group 173 | . . . . 173 . Highest-Rated Ally 31 | . . . . 31 . Total Orders . | . . . . . . Ally Attacks 84 | . . . . 84 . Total Damage 1007 | . . . . 1007 . Kills 6 | . . . . 6 . Allies Corrupted . | . . . . . . Allies Melted . | . . . . . . Intel | -11 -10 -9 -8 -8 -7 ------- Run | Yrd Mat Mat Mat Sto Fac Active Infowar (turns) 315 | . . . . . 315 Machine Analysis 315 | . . . . . 315 Robot Analysis Total . | . . . . . . Derelict Logs Recovered . | . . . . . . Drone Launches . | . . . . . . Drone Recoveries . | . . . . . . Exploration | -11 -10 -9 -8 -8 -7 ------------- Run | Yrd Mat Mat Mat Sto Fac Turns Passed 2866 | 57 191 456 628 987 547 Spaces Moved 1784 | 50 109 230 362 593 440 Core 213 | 25 . . . . 188 Treads 24 | . . . . . 24 Legs 1483 | 25 109 230 362 593 164 Wheels 64 | . . . . . 64 Hover . | . . . . . . Flight . | . . . . . . Fastest Speed 50 | 50 120 120 120 120 50 Average Speed 116 | 85 120 124 121 126 96 Slowest Speed 330 | 120 120 190 190 330 240 Overloaded Moves . | . . . . . . Propulsion Burnouts . | . . . . . . Robots Hopped . | . . . . . . Potential Cave-ins . | . . . . . . Cave-ins Triggered . | . . . . . . Exploration Rate (%) 26 | 3 26 21 22 76 13 Regions Visited 5 Branch Regions 1 Pre-discovered Areas . | . . . . . . Known Exits Taken . | . . . . . . Unknown Exits Taken 5 | 1 1 1 1 1 . Scrap Searched . | . . . . . . Spaces Dug . | . . . . . . Terrain Destroyed 45 | . . . 45 . . Melee . | . . . . . . Projectile 1 | . . . 1 . . AOE 44 | . . . 44 . . Terrain Rammed . | . . . . . . Walls Destroyed . | . . . . . . Machines Disabled . | . . . . . . Actions | -11 -10 -9 -8 -8 -7 --------- Run | Yrd Mat Mat Mat Sto Fac Total 2279 | 64 153 327 462 736 537 Wait 196 | . 27 34 29 66 40 Move 1779 | 49 108 229 361 592 440 Hop . | . . . . . . Pick Up 53 | 9 5 9 9 12 9 Fast Attach 2 | 1 . . 1 . . Attach 45 | 5 4 3 8 10 15 Detach 3 | . . . . 1 2 Swap 29 | . 1 8 9 8 3 Drop 13 | . . 5 4 4 . Fire 156 | . 8 39 41 43 25 Melee . | . . . . . . Ram 2 | . . . . . 2 Kick 1 | . . . . . 1 Crush . | . . . . . . Escape Stasis . | . . . . . . Rewire . | . . . . . . Trap . | . . . . . . Miscellaneous . | . . . . . . Route ------- -11/Scrapyard -10/Materials -9/Materials -8/Materials (discovered 2 exits: *Sto x2) -8/Storage -7/Factory (discovered 1 exit: [*Low]) History --------- Turn | Location | Event 2 | -11/Scrapyard | Met Revision 17 6 | -11/Scrapyard | Discovered new exit (range 14) 58 | -11/Scrapyard | Entered Materials 230 | -10/Materials | Discovered new exit (range 3) 249 | -10/Materials | Entered another Materials area 249 | -9/Materials | Evolved 2 slots: Propulsion x1, Utility x1 314 | -9/Materials | Build established: Mutant 649 | -9/Materials | Discovered new exit (range 14) 705 | -9/Materials | Entered another Materials area 705 | -8/Materials | Evolved 2 slots: Utility x1, Weapon x1 722 | -8/Materials | Discovered new exit (range 8) 782 | -8/Materials | Lost 3 parts (2u1w) 1046 | -8/Materials | Destroyed 8 combat bots 1061 | -8/Materials | Build established: Scavenger-Gunner 1262 | -8/Materials | Discovered new exit (range 16) 1333 | -8/Materials | Entered Storage 1943 | -8/Storage | Assisted by bots powering up and referring to "LRC-V3" 2109 | -8/Storage | Discovered new exit (range 16) 2141 | -8/Storage | Met a pair of Derelict thieves 2187 | -8/Storage | Garrison activated, responded to threat 2212 | -8/Storage | Lost 7 allies 2243 | -8/Storage | Lost 9 parts (4n2u3w) 2320 | -8/Storage | Entered Factory 2320 | -7/Factory | Evolved 2 slots: Power x1, Utility x1 2680 | -7/Factory | Lost 11 parts (2p4n1u4w) 2700 | -7/Factory | Core integrity fell below 50% 2804 | -7/Factory | Lost 6 parts (1p2n2u1w) 2814 | -7/Factory | Core integrity fell below 20% 2835 | -7/Factory | Discovered new exit (range 13) 2867 | -7/Factory | Destroyed by P-60 Hacker with Shock Rifle Last Messages --------------- 02771_ ALERT: Potential suspicious activity detected, Programmers report to Factory Zone 6N. 02773_ Wheel destroyed. 02784_ >> Machine Analyzer network decryption results: 02784_ DSF Access x1 02805_ Acquired Imp. Deuterium Engine. 02811_ System corrupted: Matter fused (-5). 02813_ Slammed into K-01 Serf. 02813_ K-01 Serf destroyed. 02813_ Destabilizing: Core damaged (-21). 02814_ Acquired 8 matter. 02815_ Acquired Wheel. 02830_ System corrupted: Substantial component data lost. 02833_ W-25 Informer sends out distress signal. 02835_ EXIT=FOUND 02849_ System corrupted: Matter fused (-8). 02849_ Wheel destroyed. Map ----- +----------------------------------------------------+ | | | | | | | | | | | | | | | | | | | | | | | | | ?????????????????????????????###########?????????? | | ?????????????????????????????# #?????????? | | ?????????????????????????????#! #?????????? | | ?????????????????????????????# ########### | | ?????????????????????????????# / | | ?????????????????????????????# ####### | | ?????????????????????????????# #?????# | | ????????????????????????T?#### ! #?????# | | ??????????????????????????? # = #?????# | | ???????????????????????????# #####/########### | | ??????????????????########## ###?# | | ??????????????????# """ # #?# ############## | | ??????????????????#! """ # ### # #?????# | | ??????????????????# """ @ p + """ #?????# | | ??????????????????# # ### # """ #?????## | | ??????????????????# # #?# # """ #?????# | | ??????????????????######### ##?# #? #?????# | | ??????????????????????????# #??# #? #?????# | | ????????????????????????? #??# #??#####?????# | | ???????????????????????? #??# #????????????# | | ??????????????????????? #?? ????????????# | | ??????????????????????##+######?? ????????????# | | ????????????????????????????????? < ????????????+ | | ????????????????????????????????? ????????????# | | ????????????????????????????????? ????????????## | | ?????????????????????????????????#+#?????????????? | | ?????????????????????????????????????????????????? | | ??????????????????????????????????"""????????????? | | ??????????????????????????????????"""????????????? | | ??????????????????????????????????"""????????????? | | ?????????????????????????????????????????????????? | | ?????????????????????????????????????????????????? | | ?????????????????????????????????????????????????? | | ?????????????????????????????????????????????????? | | ?????????????????????????????????????????????????? | | ?????????????????????????????????????????????????? | | ?????????????????????????????????????????????????? | | ?????????????????????????????????????????????????? | +----------------------------------------------------+ Best States ------------- Heat Dissipation 58 Energy Generation 23 Energy Capacity 300 Matter Stores 300 Matter Capacity 300 Sight Range 16 Terrain Scan Density 10 Base Temperature (-) 100 Armor Coverage 150 Resistance: EX 25 Evasion (%) 55 Targeting Accuracy 8 Recoil Reduction 2 Item Schematics ----------------- None Robot Schematics ------------------ None Fabricated ------------ Nothing Repaired ---------- Nothing Studied --------- None Alien Tech Used ----------------- None Achievements -------------- Ghost 'Em More Dakka Please Physics Hates This One Trick Challenges ------------ None Game ------ Seed WeaponJammingMallet Manual? 0 Play Time 00:51:03 Cumulative 8.3 hours Start 2025.11.16 @ 11:15:04 End 2025.11.16 @ 12:08:14 Sessions 1 Manual Loads 0 Difficulty Rogue Special Mode None Game No. 14 Rogue 14 Adventurer 0 Explorer 0 Win Type - Total 0 Types 0/0/0/0/0/0/0/0/0/0 Lore% 3 Gallery% 10 Achievement% 11 Wizard Run 0 Options --------- Layout 2 ASCII 0 Keyboard 0 Movement Mouse Keybinds 0 Fullscreen 2 Font 32/SmallcapsGlow Map View 50x44 Zoom Use 0% Tactical HUD 1 Map Filters NONE Filters NONE Steam 1 RUN: 0c23626c-fd9f-49aa-9323-74c8b45a9e18